NWL (28 & UNDER)
BISMARK BORDER GUARDS @ RIVERSIDE RED BULLS
04/10/2027
 
TOP OF THE 1ST
Bismark Border Guards batting - Pitching for Riverside Red Bulls : LHP Carlos Castillo
Pitching: LHP Carlos Castillo
Batting: RHB Enrique Mendoza 0-0: Foul Ball, location: 2F
0-1: Ball
1-1: Fly out, F9 (Flyball, 9LSF)
Batting: RHB Rob Schmidt 0-0: Ball
1-0: Called Strike
1-1: Foul Ball, location: 2F
1-2: Ball
2-2: Foul Ball, location: 2F
2-2: Ball
3-2: Ground out 4-3 (Groundball, 4D)
Batting: RHB Trent Rasmussen 0-0: Ball
1-0: SINGLE (Flyball, 8LS)
Batting: LHB Alan Moore 0-0: Swinging Strike
0-1: Foul Ball, location: 2F
0-2: Strikes out swinging
Top of the 1st over - 0 run(s), 1 hit(s), 0 error(s), 1 left on base; Bismark 0 - Riverside 0
BOTTOM OF THE 1ST
Riverside Red Bulls batting - Pitching for Bismark Border Guards : RHP Ben Cobb
Pitching: RHP Ben Cobb
Batting: RHB Kevin Brown 0-0: Ball
1-0: Ball
2-0: Called Strike
2-1: Foul Ball, location: 2F
2-2: Hit by Pitch
Batting: SHB Luis Alonso 0-0: Ball
1-0: Ground out 5-3 (Groundball, 56S)
Kevin Brown to second
Batting: LHB Mike Petersen 0-0: Swinging Strike
0-1: Ground out 1-3 (Groundball, 15)
Batting: RHB Enrique Flores 0-0: Called Strike
0-1: Ball
1-1: Ball
2-1: Ground out 5-3 (Groundball, 56S)
Bottom of the 1st over - 0 run(s), 0 hit(s), 0 error(s), 1 left on base; Bismark 0 - Riverside 0
TOP OF THE 2ND
Bismark Border Guards batting - Pitching for Riverside Red Bulls : LHP Carlos Castillo
Batting: RHB Enrique Soto 0-0: Foul Ball, location: 2F
0-1: Ball
1-1: Ball
2-1: Swinging Strike
2-2: Foul Ball, location: 2F
2-2: Strikes out swinging
Batting: SHB Júlio Romano 0-0: Ball
1-0: Foul Ball, location: 2F
1-1: Foul Ball, location: 2F
1-2: Foul Ball, location: 2F
1-2: Ball
2-2: Strikes out swinging
Batting: RHB Sergio Solíz 0-0: SINGLE (Line Drive, 4)
Batting: RHB Reynaldo Slomp 0-0: Called Strike
0-1: Foul Ball, location: 2F
0-2: Ball
1-2: Strikes out swinging
Top of the 2nd over - 0 run(s), 1 hit(s), 0 error(s), 1 left on base; Bismark 0 - Riverside 0
BOTTOM OF THE 2ND
Riverside Red Bulls batting - Pitching for Bismark Border Guards : RHP Ben Cobb
Batting: RHB Kelly Jones 0-0: Ball
1-0: Swinging Strike
1-1: Hit by Pitch
Batting: RHB Marcos Hernández 0-0: Foul Ball, location: 2F
0-1: Fly out, F7 (Flyball, 7)
Batting: RHB Pedro Mata 0-0: Ball
1-0: Called Strike
1-1: Grounds into double play, 5-4-3 (Groundball, 56)
Bottom of the 2nd over - 0 run(s), 0 hit(s), 0 error(s), 0 left on base; Bismark 0 - Riverside 0
TOP OF THE 3RD
Bismark Border Guards batting - Pitching for Riverside Red Bulls : LHP Carlos Castillo
Batting: RHB Alfredo Farías 0-0: SINGLE (Groundball, 56D)
Batting: RHB Enrique Mendoza 0-0: Ball
1-0: Ball
2-0: Ball
3-0: Called Strike
3-1: Called Strike
3-2: Base on Balls
Alfredo Farías to second
Batting: RHB Rob Schmidt 0-0: Ball
1-0: Swinging Strike
1-1: Ball
2-1: Grounds into double play, 4-6-3 (Groundball, 4)
Alfredo Farías to third
Batting: RHB Trent Rasmussen 0-0: Called Strike
0-1: Swinging Strike
0-2: Ball
1-2: Strikes out looking
Top of the 3rd over - 0 run(s), 1 hit(s), 0 error(s), 1 left on base; Bismark 0 - Riverside 0
BOTTOM OF THE 3RD
Riverside Red Bulls batting - Pitching for Bismark Border Guards : RHP Ben Cobb
Batting: RHB Brandon Pope 0-0: Foul Ball, location: 2F
0-1: Ball
1-1: Foul Ball, location: 2F
1-2: Ball
2-2: Foul Ball, location: 2F
2-2: Ground out 4-3 (Groundball, 4)
Batting: RHB Earnest Finnegan 0-0: Called Strike
0-1: Ball
1-1: Called Strike
1-2: Strikes out looking
Batting: RHB Kevin Brown 0-0: Ball
1-0: Ball
2-0: DOUBLE (Line Drive, 9D)
Batting: SHB Luis Alonso 0-0: Ball
1-0: Ground out U3 (Groundball, 3L)
Bottom of the 3rd over - 0 run(s), 1 hit(s), 0 error(s), 1 left on base; Bismark 0 - Riverside 0
TOP OF THE 4TH
Bismark Border Guards batting - Pitching for Riverside Red Bulls : LHP Carlos Castillo
Batting: LHB Alan Moore 0-0: DOUBLE (Line Drive, 8LXD)
Batting: RHB Enrique Soto 0-0: Reached on error, E5 (Groundball, 56)
Alan Moore to third
Batting: SHB Júlio Romano 0-0: Swinging Strike
0-1: Called Strike
0-2: Ball
1-2: Ball
2-2: Strikes out swinging
Batting: RHB Sergio Solíz 0-0: Called Strike
0-1: Swinging Strike
0-2: Strikes out swinging
Batting: RHB Reynaldo Slomp 0-0: Ball
1-0: Called Strike
1-1: Called Strike
1-2: Ball
2-2: Ball
3-2: Foul Ball, location: 2F
3-2: Foul Ball, location: 2F
3-2: Base on Balls
Enrique Soto to second
Batting: RHB Alfredo Farías 0-0: Ball
1-0: Ball
2-0: Foul Ball, location: 2F
2-1: Called Strike
2-2: Fielders Choice at 2nd, 5-4 (Groundball, 5)
Top of the 4th over - 0 run(s), 1 hit(s), 1 error(s), 2 left on base; Bismark 0 - Riverside 0
BOTTOM OF THE 4TH
Riverside Red Bulls batting - Pitching for Bismark Border Guards : RHP Ben Cobb
Batting: LHB Mike Petersen 0-0: Foul Ball, location: 2F
0-1: Swinging Strike
0-2: Foul Ball, location: 2F
0-2: Fly out, F8 (Flyball, 8LM)
Batting: RHB Enrique Flores 0-0: Ball
1-0: Ball
2-0: Ball
3-0: Called Strike
3-1: Fly out, F6 (Popup, 5D)
Batting: RHB Kelly Jones 0-0: SINGLE (Line Drive, 7S)
Batting: RHB Marcos Hernández 0-0: Ball
1-0: Ball
2-0: Ball
3-0: Base on Balls
Kelly Jones to second
Batting: RHB Pedro Mata 0-0: Ball
1-0: Called Strike
1-1: Foul Ball, location: 2F
1-2: Ball
2-2: Ball
3-2: Fly out, F9 (Flyball, 9S)
Bottom of the 4th over - 0 run(s), 1 hit(s), 0 error(s), 2 left on base; Bismark 0 - Riverside 0
TOP OF THE 5TH
Bismark Border Guards batting - Pitching for Riverside Red Bulls : LHP Carlos Castillo
Batting: RHB Enrique Mendoza 0-0: Ball
1-0: Ball
2-0: Ball
3-0: Base on Balls
Batting: RHB Rob Schmidt 0-0: Called Strike
0-1: DOUBLE (Flyball, 8LD)
Enrique Mendoza to third
Batting: RHB Trent Rasmussen 0-0: Intentional Walk
Batting: LHB Alan Moore 0-0: Ball
1-0: Fly out, F4 (Popup, 4D)
Batting: RHB Enrique Soto 0-0: Fly out, F8 (Line Drive, 8LM)
Runner from 3rd tags up, SCORES, no throw
Batting: SHB Júlio Romano 0-0: Called Strike
0-1: Swinging Strike
0-2: Strikes out swinging
Top of the 5th over - 1 run(s), 1 hit(s), 0 error(s), 2 left on base; Bismark 1 - Riverside 0
BOTTOM OF THE 5TH
Riverside Red Bulls batting - Pitching for Bismark Border Guards : RHP Ben Cobb
Batting: RHB Brandon Pope 0-0: Called Strike
0-1: Ball
1-1: Ground out U3 (Groundball, 3S)
Batting: RHB Earnest Finnegan 0-0: Ball
1-0: Ball
2-0: Foul Ball, location: 2F
2-1: Ball
3-1: Called Strike
3-2: Fly out, F3 (Popup, 3L)
Batting: RHB Kevin Brown 0-0: SINGLE (Groundball, 56D)
Batting: SHB Luis Alonso 0-0: Ball
1-0: Ball
2-0: Foul Ball, location: 2F
2-1: Ball
3-1: Fielders Choice at 2nd, 6-4 (Groundball, 6)
Bottom of the 5th over - 0 run(s), 1 hit(s), 0 error(s), 0 left on base; Bismark 1 - Riverside 0
TOP OF THE 6TH
Bismark Border Guards batting - Pitching for Riverside Red Bulls : LHP Carlos Castillo
Pitching: RHP Ricardo López
Batting: RHB Sergio Solíz 0-0: Foul Ball, location: 2F
0-1: Ball
1-1: Foul Ball, location: 2F
1-2: Ball
2-2: Foul Ball, location: 2F
2-2: Ball
3-2: Base on Balls
Batting: RHB Reynaldo Slomp 0-0: Called Strike
0-1: Ball
1-1: Foul Ball, location: 2F
1-2: SINGLE (Groundball, 6MD)
Sergio Solíz to second
Batting: RHB Alfredo Farías 0-0: SINGLE (Groundball, 6MD)
Sergio Solíz to third
Reynaldo Slomp to second
Runner from 3rd tries for Home, SAFE, no throw
Batting: RHB Enrique Mendoza 0-0: TRIPLE (Flyball, 78XD)
Reynaldo Slomp scores
Alfredo Farías scores
Pitching: RHP Gene Whitley
Batting: RHB Rob Schmidt 0-0: Foul Ball, location: 2F
0-1: Ball
1-1: Called Strike
1-2: Ball
2-2: Strikes out swinging, 2-3 out at first.
Batting: RHB Trent Rasmussen 0-0: Ball
1-0: Ball
2-0: Foul Ball, location: 2F
2-1: SINGLE (Groundball, 6MD)
Enrique Mendoza scores
Batting: LHB Alan Moore 0-0: Ball
1-0: Ball
2-0: Fielders Choice at 2nd, 1-6 (Groundball, 13S)
Batting: RHB Enrique Soto 0-0: Foul Ball, location: 2F
0-1: Swinging Strike
0-2: Fly out, F8 (Flyball, 78M)
Top of the 6th over - 4 run(s), 4 hit(s), 0 error(s), 1 left on base; Bismark 5 - Riverside 0
BOTTOM OF THE 6TH
Riverside Red Bulls batting - Pitching for Bismark Border Guards : RHP Ben Cobb
Batting: LHB Mike Petersen 0-0: Called Strike
0-1: Foul Ball, location: 2F
0-2: Ball
1-2: Ball
2-2: Foul Ball, location: 2F
2-2: Ball
3-2: Fly out, F9 (Flyball, 89D)
Batting: RHB Enrique Flores 0-0: Foul Ball, location: 2F
0-1: Fly out, F9 (Flyball, 9S)
Batting: RHB Kelly Jones 0-0: Ball
1-0: Foul Ball, location: 2F
1-1: Ball
2-1: SINGLE (Line Drive, 4D)
Batting: RHB Marcos Hernández 0-0: Ball
1-0: Foul Ball, location: 2F
1-1: Swinging Strike
1-2: Fielders Choice at 2nd, 5-4 (Groundball, 56)
Bottom of the 6th over - 0 run(s), 1 hit(s), 0 error(s), 0 left on base; Bismark 5 - Riverside 0
TOP OF THE 7TH
Bismark Border Guards batting - Pitching for Riverside Red Bulls : RHP Gene Whitley
Batting: SHB Júlio Romano 0-0: Ball
1-0: Foul Ball, location: 2F
1-1: Swinging Strike
1-2: Ball
2-2: Ground out U3 (Groundball, 3S)
Batting: RHB Sergio Solíz 0-0: Called Strike
0-1: Ball
1-1: Foul Ball, location: 2F
1-2: SINGLE (Groundball, 4MD)
Batting: RHB Reynaldo Slomp 0-0: Ball
1-0: Foul Ball, location: 2F
1-1: Fly out, F7 (Line Drive, 7)
Batting: RHB Alfredo Farías 0-0: Called Strike
0-1: SINGLE (Groundball, 56) (infield hit)
Sergio Solíz to second
Batting: RHB Enrique Mendoza 0-0: SINGLE (Groundball, 56D)
Sergio Solíz to third
Alfredo Farías to second
Runner from 3rd tries for Home, SAFE, no throw
Batting: RHB Rob Schmidt 0-0: Ball
1-0: Fielders Choice at 2nd, 6-4 (Groundball, 6)
Top of the 7th over - 1 run(s), 3 hit(s), 0 error(s), 1 left on base; Bismark 6 - Riverside 0
BOTTOM OF THE 7TH
Riverside Red Bulls batting - Pitching for Bismark Border Guards : RHP Ben Cobb
Now at 3B: Pedro Rodríguez
Batting: RHB Pedro Mata 0-0: Ball
1-0: Ball
2-0: Fly out, F8 (Flyball, 8LM)
Batting: RHB Brandon Pope 0-0: Ball
1-0: Ball
2-0: Ball
3-0: Base on Balls
Pitching: RHP Domingo García
Batting: RHB Earnest Finnegan 0-0: Grounds into double play, 6-4-3 (Groundball, 6)
Bottom of the 7th over - 0 run(s), 0 hit(s), 0 error(s), 0 left on base; Bismark 6 - Riverside 0
TOP OF THE 8TH
Bismark Border Guards batting - Pitching for Riverside Red Bulls : RHP Gene Whitley
Batting: RHB Trent Rasmussen 0-0: Foul Ball, location: 2F
0-1: Fly out, F8 (Flyball, 8LXD)
Batting: LHB Alan Moore 0-0: Called Strike
0-1: SINGLE (Groundball, 56D)
Batting: RHB Enrique Soto 0-0: Called Strike
0-1: Ball
Passed Ball!
Alan Moore to second
1-1: Ball
2-1: Ball
3-1: Base on Balls
Batting: SHB Júlio Romano 0-0: Called Strike
0-1: Foul Ball, location: 2F
Balk!
Alan Moore to third
Enrique Soto to second
0-2: Ball
1-2: Foul Ball, location: 2F
1-2: SINGLE (Groundball, 4S) (infield hit)
Alan Moore scores
Enrique Soto to third
Batting: RHB Sergio Solíz 0-0: Ball
1-0: Fielders Choice at 2nd, 6-4 (Groundball, 56)
Enrique Soto scores
Pitching: RHP Shawn Montoya
Batting: RHB Reynaldo Slomp 0-0: Ball
Sergio Solíz is caught stealing 2nd base
Top of the 8th over - 2 run(s), 2 hit(s), 0 error(s), 0 left on base; Bismark 8 - Riverside 0
BOTTOM OF THE 8TH
Riverside Red Bulls batting - Pitching for Bismark Border Guards : RHP Domingo García
Now at C: António Martínez
Batting: RHB Kevin Brown 0-0: Ball
1-0: Called Strike
1-1: Called Strike
1-2: Strikes out swinging
Batting: SHB Luis Alonso 0-0: Ball
1-0: Called Strike
1-1: SINGLE (Line Drive, 89S)
Batting: LHB Mike Petersen 0-0: Ball
1-0: Ball
2-0: Called Strike
2-1: Foul Ball, location: 2F
2-2: Foul Ball, location: 2F
2-2: Ball
3-2: Grounds into double play, 3-6-3 (Groundball, 34)
Bottom of the 8th over - 0 run(s), 1 hit(s), 0 error(s), 0 left on base; Bismark 8 - Riverside 0
TOP OF THE 9TH
Bismark Border Guards batting - Pitching for Riverside Red Bulls : RHP Shawn Montoya
Batting: RHB Reynaldo Slomp 0-0: Called Strike
0-1: Ball
1-1: Ball
2-1: Ball
3-1: Foul Ball, location: 2F
3-2: Ground out 5-3 (Groundball, 5)
Batting: RHB Alfredo Farías 0-0: Swinging Strike
0-1: Ball
1-1: Ball
2-1: Foul Ball, location: 2F
2-2: Ground out 1-3 (Groundball, 13S)
Batting: RHB Enrique Mendoza 0-0: Called Strike
0-1: Ball
1-1: Ball
2-1: Foul Ball, location: 2F
2-2: Ball
3-2: Base on Balls
Batting: RHB Pedro Rodríguez 0-0: Ball
1-0: Ball
2-0: Foul Ball, location: 2F
2-1: Fielders Choice at 2nd, 6-4 (Groundball, 6)
Top of the 9th over - 0 run(s), 0 hit(s), 0 error(s), 0 left on base; Bismark 8 - Riverside 0
BOTTOM OF THE 9TH
Riverside Red Bulls batting - Pitching for Bismark Border Guards : RHP Domingo García
Batting: RHB Enrique Flores 0-0: Ground out 6-3 (Groundball, 6)
Batting: RHB Kelly Jones 0-0: Ball
1-0: Fly out, F5 (Line Drive, 5)
Batting: RHB Marcos Hernández 0-0: Ball
1-0: Ball
2-0: Ball
3-0: Base on Balls
Batting: RHB Pedro Mata 0-0: Called Strike
0-1: Fly out, F8 (Flyball, 8RM)
Bottom of the 9th over - 0 run(s), 0 hit(s), 0 error(s), 1 left on base; Bismark 8 - Riverside 0
Thursday, March 30th, 2017 - OOTP Baseball 17.12 Build 75